Sharks vs Oilers

Created - Wednesday, March 09, 2016 at 04:08

Goals
1 2 3 T
Sharks 1 3 0 4
Oilers 3 1 1 5
Shots
1 2 3 T
Sharks 7 20 13 40
Oilers 10 6 8 24

1st period

1. Oilers , Andrew Ladd 34 (Derek Stepan, Nick Foligno) at 0:44 (PP)
2. Oilers , Nick Foligno 25 (David Desharnais) at 3:53 (PP)
3. Oilers , Nicklas Backstrom 30 (Pavel Datsyuk, Jeremy Smith) at 4:17 (PP)
4. Sharks , Justin Schultz 7 (Lance Bouma, Richard Panik) at 14:42 (PP)

Penalties :
Lance Bouma (SJ ) for Roughing (Minor) at 0:38, Luca Sbisa (SJ ) for Elbowing (Minor) at 1:52, Michael Latta (SJ ) for High sticking (Double Minor) at 3:47, Travis Zajac (SJ ) for High sticking (Minor) at 5:46, Jayson Megna (SJ ) for Interference (Minor) at 8:52, Ryan McDonagh (Edm) for Hooking (Minor) at 13:14

2nd period

5. Sharks , Jayson Megna 4 (Brendan Smith, Andy Andreoff) at 1:59
6. Sharks , Justin Schultz 8 (Lance Bouma, Richard Panik) at 2:17 (PP)
7. Sharks , Justin Schultz 9 (Richard Panik, Lance Bouma) at 7:10 (PP)
8. Oilers , David Desharnais 15 (Nick Foligno, Andrew Ladd) at 16:09 (PP)

Penalties :
Patrick Marleau (Edm) for Holding (Minor) at 2:02, Lars Eller (Edm) for Delaying the game (Minor) at 6:51, Ryan Hamilton (SJ ) for Hooking (Minor) at 15:43, Nicklas Backstrom (Edm) for Holding (Minor) at 16:34

3rd period

9. Oilers , Nicklas Backstrom 31 (Milan Michalek, Pavel Datsyuk) at 2:43 (PP)

Penalties :
Brendan Smith (SJ ) for Cross-checking (Minor) at 2:09, Luca Sbisa (SJ ) for Hooking (Minor) at 6:21, Luca Sbisa (SJ ) for Hooking (Minor) at 11:42

Goalie Stats

Kari Lehtonen (SJ ), 19 saves from 24 shots - (0.792), L, 4-6-2, 60:00 minutes
Jaroslav Halak (Edm), 8 saves from 8 shots - (1.000), 8:56 minutes
Jeremy Smith (Edm), 28 saves from 32 shots - (0.875), W, 5-1-0, 51:04 minutes

Players Stats for Sharks

Player Name              G  A  P  +/- PIM S  H  SB GA TA FO     MP     PP MP  PK MP  
------------------------------------------------------------------------------------
Andy Andreoff            0  1  1   1  0   0  2  0  0  0  4/8    13:12   0:00   0:00 
Bobby Farnham            0  0  0   0  0   1  0  0  0  0  1/1    10:17   0:00   0:00 
Brendan Smith            0  1  1   1  2   3  0  0  1  1  0/0    15:27   0:00   1:59 
Chris Tierney            0  0  0   0  0   1  0  1  3  0  4/19   23:14   1:31   7:10 
Ian Cole                 0  0  0   0  0   1  0  1  1  0  0/0    18:47   2:45   0:00 
Jay Harrison             0  0  0   1  0   2  2  1  0  2  0/0    19:14   0:00   6:17 
Jayson Megna             1  0  1   1  2   2  3  0  0  1  0/0    13:50   0:23   0:00 
Justin Schultz           3  0  3   0  0   13 1  0  0  1  0/0    25:27   2:45   6:17 
Klas Dahlbeck            0  0  0   0  0   1  0  0  0  3  0/0    21:50   1:16   5:10 
Lance Bouma              0  3  3   0  2   3  2  0  1  2  1/2    16:55   2:30   3:25 
Luca Sbisa               0  0  0   0  6   3  2  1  0  1  0/0    19:48   1:16   3:11 
Michael Latta            0  0  0   0  4   0  0  0  0  0  1/4     8:31   0:13   2:14 
Nicolas Deslauriers      0  0  0   0  0   1  2  0  0  0  0/0    17:24   1:31   0:41 
Richard Panik            0  3  3   0  0   1  0  2  1  1  0/0     7:59   2:30   0:00 
Ryan Hamilton            0  0  0   1  2   3  0  0  1  1  0/1    12:52   0:00   0:00 
Tom Gilbert              0  0  0   0  0   0  0  0  0  0  0/0     0:00   0:00   0:00 
Tomas Fleischmann        0  0  0   0  0   4  0  1  5  2  1/2    19:45   1:31   3:25 
Travis Zajac             0  0  0   0  2   1  0  0  0  1  4/15   23:43   1:54   5:54 

Players Stats for Oilers

Player Name              G  A  P  +/- PIM S  H  SB GA TA FO     MP     PP MP  PK MP  
------------------------------------------------------------------------------------
Andrew Ladd              1  1  2   0  0   1  0  0  0  0  2/3    23:19   5:04   2:36 
Andrew MacDonald         0  0  0   0  0   0  1  1  0  0  0/0    14:03   0:00   2:12 
Brayden McNabb           0  0  0   0  0   0  0  0  0  0  0/0     2:27   0:00   0:00 
Colin Wilson             0  0  0   0  0   1  1  0  1  0  0/0     6:55   0:00   0:00 
David Desharnais         1  1  2  -1  0   3  0  0  4  0  11/13  18:38   7:44   0:52 
Derek Stepan             0  1  1   0  0   2  0  1  1  1  9/11   21:47   7:49   0:00 
James Wisniewski         0  0  0   0  0   1  2  0  1  1  0/0    21:41   7:49   0:00 
Jason Demers             0  0  0   0  0   0  0  1  0  0  0/0    12:13   0:20   0:00 
Lars Eller               0  0  0   0  2   0  0  0  0  0  1/3     7:47   0:00   0:24 
Milan Michalek           0  1  1  -1  0   1  0  1  3  1  0/0    15:20   3:41   0:33 
Nick Bonino              0  0  0  -1  0   1  0  0  1  0  0/2    13:38   0:00   3:28 
Nick Foligno             1  2  3   0  0   4  3  0  4  1  1/3    20:35   5:24   0:09 
Nicklas Backstrom        2  0  2   0  2   5  1  0  6  1  10/14  21:48   6:29   0:00 
Niklas Hjalmarsson       0  0  0  -1  0   1  0  0  0  0  0/0    17:15   0:00   1:49 
Patrick Marleau          0  0  0   0  2   0  0  0  2  0  0/1    23:51   6:20   0:00 
Pavel Datsyuk            0  2  2   0  0   3  1  0  4  1  2/2    19:04   6:35   0:00 
Ryan McDonagh            0  0  0   0  2   0  0  0  0  2  0/0    18:06   0:00   2:12 
Zbynek Michalek          0  0  0  -1  0   1  2  2  0  1  0/0    17:23   0:00   1:49 

3 Stars

1 - Justin Schultz (SJ )
2 - Nick Foligno (Edm)
3 - Nicklas Backstrom (Edm)

Power Play

Sharks - 3 on 4 Attempt(s) - 75.00%
Oilers - 5 on 10 Attempt(s) - 50.00%

Penalty Kill

Sharks - 5 on 10 Attempt(s) - 50.00% - Score 0 goal in Penalty Kill
Oilers - 1 on 4 Attempt(s) - 25.00% - Score 0 goal in Penalty Kill

Team Stat

Sharks - Hits : 14 - Faceoff Wins : 16 - Blocked Shots : 7 - Penalty Minutes : 20
Oilers - Hits : 11 - Faceoff Wins : 36 - Blocked Shots : 6 - Penalty Minutes : 8

Official

Referees : Unknown
Linesman : Unknown

Game Notes

Justin Schultz has scored a Hat Trick!
Jeremy Smith is injured at 11:04 of 3rd period (Abdominal Strain)
Jaroslav Halak enters game at 11:04 of 3rd period

Finance

Level 1 -- Attendance: 5936 (98.93%) -- Ticket Income $516,432
Level 2 -- Attendance: 3466 (69.32%) -- Ticket Income $204,494
Level 3 -- Attendance: 1446 (72.30%) -- Ticket Income $49,164
Level 4 -- Attendance: 2937 (73.43%) -- Ticket Income $58,740
Luxury Box -- Attendance: 834 (83.40%) -- Ticket Income $155,958
Game was played at the Rexall Place.
Total Attendance: 14619 (81.22%)
Total Ticket Income: $984,788
Other Income: $482,546
Total Income: $1,467,334

Sharks

5 vs 5 Forward 
   Center                   Left Wing                Right Wing               Time % Phy DF OF 
 1 Travis Zajac             Lance Bouma              Bobby Farnham            35     1   2  2  
 2 Chris Tierney            Tomas Fleischmann        Nicolas Deslauriers      30     1   2  2  
 3 Andy Andreoff            Ryan Hamilton            Jayson Megna             22     1   2  2  
 4 Michael Latta            Travis Zajac             Richard Panik            13     1   2  2  

5 vs 5 Defense 
   Defense                  Defense                                           Time % Phy DF OF 
 1 Ian Cole                 Justin Schultz                                    35     1   2  2  
 2 Luca Sbisa               Klas Dahlbeck                                     30     1   2  2  
 3 Jay Harrison             Brendan Smith                                     22     1   2  2  
 4 Ian Cole                 Justin Schultz                                    13     1   2  2  

PowerPlay Forward 
   Center                   Left Wing                Right Wing               Time % Phy DF OF 
 1 Travis Zajac             Lance Bouma              Richard Panik            60     1   2  2  
 2 Chris Tierney            Tomas Fleischmann        Nicolas Deslauriers      40     1   2  2  

PowerPlay Defense
   Defense                  Defense                                           Time % Phy DF OF 
 1 Ian Cole                 Justin Schultz                                    60     1   2  2  
 2 Luca Sbisa               Klas Dahlbeck                                     40     1   2  2  

Penalty Kill 4 Players Forward 
   Center                   Wing                     Time % Phy DF OF 
 1 Chris Tierney            Travis Zajac             60     1   2  2  
 2 Lance Bouma              Tomas Fleischmann        40     1   2  2  

Penalty Kill 4 Players Defense
   Defense                  Defense                  Time % Phy DF OF 
 1 Jay Harrison             Justin Schultz           60     1   2  2  
 2 Luca Sbisa               Klas Dahlbeck            40     1   2  2  

Penalty Kill - 3 Players Forward 
   Forward                                           Time % Phy DF OF 
 1 Chris Tierney                                     60     1   2  2  
 2 Travis Zajac                                      40     1   2  2  

Penalty Kill - 3 Players Defense
   Defense                  Defense                  Time % Phy DF OF 
 1 Jay Harrison             Brendan Smith            60     1   2  2  
 2 Luca Sbisa               Klas Dahlbeck            40     1   2  2  

4 vs 4 Forward 
   Center                   Wing                     Time % Phy DF OF 
 1 Travis Zajac             Tomas Fleischmann        60     1   2  2  
 2 Lance Bouma              Tomas Fleischmann        40     1   2  2  

4 vs 4 Defense
   Defense                  Defense                  Time % Phy DF OF 
 1 Ian Cole                 Justin Schultz           60     1   2  2  
 2 Luca Sbisa               Klas Dahlbeck            40     1   2  2  

Last Minutes Offensive
   Center                   Left Wing                Right Wing               Defense                  Defense                  
   Travis Zajac             Lance Bouma              Tomas Fleischmann        Brendan Smith            Justin Schultz           

Last Minutes Defensive
   Center                   Left Wing                Right Wing               Defense                  Defense                  
   Travis Zajac             Lance Bouma              Nicolas Deslauriers      Brendan Smith            Justin Schultz           

Goaltenders
Starting : Kari Lehtonen            
Backup : Calvin Pickard           

Extra Forwards
Normal : Andy Andreoff, Jayson Megna, Michael Latta - PP : Travis Zajac, Jayson Megna - PK : Michael Latta
Extra Defensemen
Normal : Jay Harrison, Brendan Smith, Ian Cole - PP : Jay Harrison - PK : Brendan Smith, Ian Cole
Penalty Shots
Nicolas Deslauriers, Travis Zajac, Lance Bouma, Chris Tierney, Tomas Fleischmann

Oilers

5 vs 5 Forward 
   Center                   Left Wing                Right Wing               Time % Phy DF OF 
 1 Nicklas Backstrom        Pavel Datsyuk            Patrick Marleau          35     0   1  4  
 2 Derek Stepan             Andrew Ladd              Nick Foligno             35     0   1  4  
 3 David Desharnais         Nick Bonino              Milan Michalek           25     0   2  3  
 4 Lars Eller               Patrick Marleau          Colin Wilson             5      1   2  2  

5 vs 5 Defense 
   Defense                  Defense                                           Time % Phy DF OF 
 1 Ryan McDonagh            James Wisniewski                                  35     1   4  0  
 2 Zbynek Michalek          Niklas Hjalmarsson                                35     1   4  0  
 3 Jason Demers             Andrew MacDonald                                  27     1   4  0  
 4 Brayden McNabb           Ryan McDonagh                                     3      1   4  0  

PowerPlay Forward 
   Center                   Left Wing                Right Wing               Time % Phy DF OF 
 1 Nicklas Backstrom        Pavel Datsyuk            Patrick Marleau          50     0   0  5  
 2 David Desharnais         Andrew Ladd              Nick Foligno             50     0   0  5  

PowerPlay Defense
   Defense                  Defense                                           Time % Phy DF OF 
 1 Derek Stepan             James Wisniewski                                  60     1   2  2  
 2 Nicklas Backstrom        Patrick Marleau                                   40     1   2  2  

Penalty Kill 4 Players Forward 
   Center                   Wing                     Time % Phy DF OF 
 1 Nick Bonino              Andrew Ladd              60     1   4  0  
 2 Lars Eller               Milan Michalek           40     1   4  0  

Penalty Kill 4 Players Defense
   Defense                  Defense                  Time % Phy DF OF 
 1 Zbynek Michalek          Niklas Hjalmarsson       50     1   4  0  
 2 Ryan McDonagh            Andrew MacDonald         50     1   4  0  

Penalty Kill - 3 Players Forward 
   Forward                                           Time % Phy DF OF 
 1 Nick Bonino                                       60     1   4  0  
 2 Derek Stepan                                      40     1   4  0  

Penalty Kill - 3 Players Defense
   Defense                  Defense                  Time % Phy DF OF 
 1 Zbynek Michalek          Niklas Hjalmarsson       50     1   4  0  
 2 Ryan McDonagh            Andrew MacDonald         50     1   4  0  

4 vs 4 Forward 
   Center                   Wing                     Time % Phy DF OF 
 1 Nicklas Backstrom        Pavel Datsyuk            60     0   0  5  
 2 Nick Foligno             Andrew Ladd              40     0   1  4  

4 vs 4 Defense
   Defense                  Defense                  Time % Phy DF OF 
 1 Ryan McDonagh            James Wisniewski         60     1   4  0  
 2 Zbynek Michalek          Niklas Hjalmarsson       40     1   4  0  

Last Minutes Offensive
   Center                   Left Wing                Right Wing               Defense                  Defense                  
   Nicklas Backstrom        Pavel Datsyuk            Nick Foligno             Patrick Marleau          James Wisniewski         

Last Minutes Defensive
   Center                   Left Wing                Right Wing               Defense                  Defense                  
   Nicklas Backstrom        Andrew Ladd              Nick Foligno             Ryan McDonagh            Zbynek Michalek          

Goaltenders
Starting : Jeremy Smith             
Backup : Jaroslav Halak           

Extra Forwards
Normal : Nicklas Backstrom, Pavel Datsyuk, Nick Foligno - PP : Nicklas Backstrom, Pavel Datsyuk - PK : Patrick Marleau
Extra Defensemen
Normal : Jason Demers, Andrew MacDonald, Brayden McNabb - PP : Jason Demers - PK : Andrew MacDonald, Ryan McDonagh
Penalty Shots
Pavel Datsyuk, David Desharnais, Andrew Ladd, Nick Bonino, Nicklas Backstrom

% Time on Ice - Sharks

Lines # - Real PCT - Wanted PCT - Time Play
Normal Forward
1 - 26% - 35% - 11:20
2 - 33% - 30% - 14:41
3 - 29% - 22% - 12:53
4 - 12% - 13% - 5:30
Normal Defense
1 - 32% - 35% - 14:17
2 - 35% - 30% - 15:25
3 - 29% - 22% - 12:42
4 - 5% - 13% - 2:00
PP Forward
1 - 62% - 60% - 2:30
2 - 38% - 40% - 1:31
PP Defense
1 - 68% - 60% - 2:45
2 - 32% - 40% - 1:16
PK Forward
1 - 70% - 60% - 7:58
2 - 30% - 40% - 3:25
PK Defense
1 - 55% - 60% - 6:17
2 - 45% - 40% - 5:06
PK3 Forward
1 - 100% - 60% - 0:04
2 - 0% - 40% - 0:00
PK3 Defense
1 - 0% - 60% - 0:00
2 - 100% - 40% - 0:04
44 Forward
1 - 0% - 60%
2 - 0% - 40%
44 Defense
1 - 0% - 60%
2 - 0% - 40%
Last Minute Offensive  - 0:08
Last Minute Defensive  - 0:00
Total
Forward - 60:00
Defense - 60:00

% Time on Ice - Oilers

Lines # - Real PCT - Wanted PCT - Time Play
Normal Forward
1 - 28% - 35% - 12:18
2 - 33% - 35% - 14:21
3 - 23% - 25% - 10:10
4 - 16% - 5% - 6:55
Normal Defense
1 - 30% - 35% - 13:13
2 - 37% - 35% - 16:13
3 - 27% - 27% - 11:51
4 - 6% - 3% - 2:27
PP Forward
1 - 53% - 50% - 6:03
2 - 47% - 50% - 5:24
PP Defense
1 - 68% - 60% - 7:49
2 - 32% - 40% - 3:38
PK Forward
1 - 90% - 60% - 3:37
2 - 10% - 40% - 0:24
PK Defense
1 - 45% - 50% - 1:49
2 - 55% - 50% - 2:12
PK3 Forward
1 - 0% - 60%
2 - 0% - 40%
PK3 Defense
1 - 0% - 50%
2 - 0% - 50%
44 Forward
1 - 0% - 60%
2 - 0% - 40%
44 Defense
1 - 0% - 60%
2 - 0% - 40%
Last Minute Offensive  - 0:00
Last Minute Defensive  - 0:48
Total
Forward - 60:00
Defense - 60:00

Play by Play

1st period


0:01 of 1st period - Nicklas Backstrom wins face-off versus Travis Zajac in neutral zone.
0:08 of 1st period - Backhand shot by Pavel Datsyuk.
0:08 of 1st period - Stopped by Kari Lehtonen with a rebound.
0:38 of 1st period - Minor Penalty to Lance Bouma for Roughing.
0:39 of 1st period - David Desharnais wins face-off versus Chris Tierney in Sharks zone.
0:40 of 1st period - Snap shot by Nick Foligno.
0:40 of 1st period - Shot Blocked by Jay Harrison.
0:42 of 1st period - Slapshot by Derek Stepan.
0:42 of 1st period - Stopped by Kari Lehtonen with a rebound.
0:44 of 1st period - Snap shot by Andrew Ladd.
0:44 of 1st period - Goal by Andrew Ladd - Sharks : 0 - Oilers : 1.
0:45 of 1st period - Derek Stepan wins face-off versus Chris Tierney in neutral zone.
0:50 of 1st period - Snap shot by Nick Foligno.
0:50 of 1st period - Stopped by Kari Lehtonen with a rebound.
0:52 of 1st period - Slapshot by Zbynek Michalek.
0:52 of 1st period - Shot Misses the Net.
1:43 of 1st period - Snap shot by Nick Bonino.
1:43 of 1st period - Stopped by Kari Lehtonen with a rebound.
1:52 of 1st period - Minor Penalty to Luca Sbisa for Elbowing.
1:53 of 1st period - Nicklas Backstrom wins face-off versus Chris Tierney in Sharks zone.
2:35 of 1st period - Slapshot by Pavel Datsyuk.
2:35 of 1st period - Shot Misses the Net.
3:21 of 1st period - James Wisniewski is hit by Jay Harrison and loses puck.
3:47 of 1st period - Double Minor Penalty to Michael Latta for High sticking.
3:48 of 1st period - David Desharnais wins face-off versus Chris Tierney in Sharks zone.
3:51 of 1st period - Slapshot by Nick Foligno.
3:51 of 1st period - Deflect By David Desharnais.
3:51 of 1st period - Shot Misses the Net.
3:51 of 1st period - Puck is out of play.
3:52 of 1st period - Penalty to Luca Sbisa is over, Luca Sbisa is back on ice.
3:52 of 1st period - David Desharnais wins face-off versus Lance Bouma in Sharks zone.
3:53 of 1st period - Snap shot by Nick Foligno.
3:53 of 1st period - Goal by Nick Foligno - Sharks : 0 - Oilers : 2.
3:54 of 1st period - Nicklas Backstrom wins face-off versus Chris Tierney in neutral zone.
4:17 of 1st period - Backhand shot by Nicklas Backstrom.
4:17 of 1st period - Goal by Nicklas Backstrom - Sharks : 0 - Oilers : 3.
4:18 of 1st period - Andy Andreoff wins face-off versus Nick Foligno in neutral zone.
4:25 of 1st period - Wrist shot by Andy Andreoff.
4:25 of 1st period - Shot Misses the Net.
4:27 of 1st period - Slapshot by Jay Harrison.
4:27 of 1st period - Stopped by Jeremy Smith with a rebound.
4:29 of 1st period - Wrist shot by Ryan Hamilton.
4:29 of 1st period - Deflect By Nick Foligno.
4:29 of 1st period - Shot Misses the Net.
4:29 of 1st period - Puck is out of play.
4:30 of 1st period - Derek Stepan wins face-off versus Andy Andreoff in Oilers zone.
4:39 of 1st period - Wrist shot by Andy Andreoff.
4:39 of 1st period - Shot Misses the Net.
4:41 of 1st period - Slapshot by Brendan Smith.
4:41 of 1st period - Deflect By Nick Foligno.
4:41 of 1st period - Stopped by Jeremy Smith with a rebound.
4:51 of 1st period - Slapshot by Ryan Hamilton.
4:51 of 1st period - Stopped by Jeremy Smith with a rebound.
4:53 of 1st period - Slapshot by Brendan Smith.
4:53 of 1st period - Shot Misses the Net.
4:55 of 1st period - Backhand shot by Jay Harrison.
4:55 of 1st period - Stopped by Jeremy Smith with a rebound.
4:57 of 1st period - Wrist shot by Jayson Megna.
4:57 of 1st period - Shot Misses the Net.
4:59 of 1st period - Wrist shot by Jayson Megna.
4:59 of 1st period - Stopped by Jeremy Smith with a rebound.
5:01 of 1st period - Slapshot by Brendan Smith.
5:01 of 1st period - Deflect By Jayson Megna.
5:01 of 1st period - Shot Misses the Net.
5:01 of 1st period - Puck is out of play.
5:02 of 1st period - Nicklas Backstrom wins face-off versus Travis Zajac in Oilers zone.
5:46 of 1st period - Minor Penalty to Travis Zajac for High sticking.
5:47 of 1st period - Chris Tierney wins face-off versus Nick Foligno in Sharks zone.
6:24 of 1st period - Slapshot by David Desharnais.
6:24 of 1st period - Shot Misses the Net.
6:56 of 1st period - David Desharnais is hit by Nicolas Deslauriers and loses puck.
7:46 of 1st period - Penalty to Travis Zajac is over, Travis Zajac is back on ice.
8:06 of 1st period - Andrew Ladd is hit by Lance Bouma and loses puck.
8:26 of 1st period - Ian Cole is hit by Colin Wilson and loses puck.
8:39 of 1st period - Wrist shot by Nick Bonino.
8:39 of 1st period - Deflect By Milan Michalek.
8:39 of 1st period - Stopped by Kari Lehtonen with a rebound.
8:41 of 1st period - Slapshot by Zbynek Michalek.
8:41 of 1st period - Stopped by Kari Lehtonen with a rebound.
8:43 of 1st period - Slapshot by Niklas Hjalmarsson.
8:43 of 1st period - Stopped by Kari Lehtonen with a rebound.
8:45 of 1st period - Wrist shot by Nick Foligno.
8:45 of 1st period - Shot Blocked by Ian Cole.
8:52 of 1st period - Minor Penalty to Jayson Megna for Interference.
8:53 of 1st period - David Desharnais wins face-off versus Chris Tierney in Sharks zone.
9:45 of 1st period - David Desharnais is hit by Lance Bouma and loses puck.
9:58 of 1st period - Travis Zajac is hit by James Wisniewski and loses puck.
10:52 of 1st period - Penalty to Jayson Megna is over, Jayson Megna is back on ice.
11:00 of 1st period - Zbynek Michalek is hit by Luca Sbisa and loses puck.
11:35 of 1st period - Snap shot by Andy Andreoff.
11:35 of 1st period - Shot Blocked by Jason Demers.
11:37 of 1st period - Slapshot by Andy Andreoff.
11:37 of 1st period - Shot Misses the Net.
11:39 of 1st period - Wrist shot by Andy Andreoff.
11:39 of 1st period - Shot Misses the Net.
11:41 of 1st period - Snap shot by Andy Andreoff.
11:41 of 1st period - Shot Misses the Net.
11:43 of 1st period - Snap shot by Ryan Hamilton.
11:43 of 1st period - Stopped by Jeremy Smith without a rebound.
11:44 of 1st period - Andy Andreoff wins face-off versus David Desharnais in Oilers zone.
13:14 of 1st period - Minor Penalty to Ryan McDonagh for Hooking.
13:15 of 1st period - Andrew Ladd wins face-off versus Travis Zajac in Oilers zone.
13:28 of 1st period - Wrist shot by Andrew Ladd.
13:28 of 1st period - Shot Misses the Net.
13:52 of 1st period - Slapshot by David Desharnais.
13:52 of 1st period - Shot Blocked by Tomas Fleischmann.
14:42 of 1st period - Slapshot by Justin Schultz.
14:42 of 1st period - Goal by Justin Schultz - Sharks : 1 - Oilers : 3.
14:43 of 1st period - Andy Andreoff wins face-off versus Patrick Marleau in neutral zone.
14:46 of 1st period - Patrick Marleau is hit by Jayson Megna and loses puck.
16:03 of 1st period - Andrew MacDonald is hit by Justin Schultz and loses puck.
16:18 of 1st period - Slapshot by Justin Schultz.
16:18 of 1st period - Deflect By Lance Bouma.
16:18 of 1st period - Shot Misses the Net.
16:18 of 1st period - Puck is out of play.
16:19 of 1st period - David Desharnais wins face-off versus Travis Zajac in Oilers zone.
17:18 of 1st period - Justin Schultz is hit by Zbynek Michalek and loses puck.
Goals for this period are 1 for Sharks vs 3 for Oilers.
Shots for this period are 7 for Sharks vs 10 for Oilers.

2nd period


0:01 of 2nd period - Nicklas Backstrom wins face-off versus Travis Zajac in neutral zone.
0:52 of 2nd period - Snap shot by Tomas Fleischmann.
0:52 of 2nd period - Deflect By Chris Tierney.
0:52 of 2nd period - Shot Misses the Net.
0:52 of 2nd period - Puck is out of play.
0:53 of 2nd period - Chris Tierney wins face-off versus Derek Stepan in Oilers zone.
1:51 of 2nd period - Slapshot by Andy Andreoff.
1:51 of 2nd period - Shot Blocked by Zbynek Michalek.
1:53 of 2nd period - Wrist shot by Andy Andreoff.
1:53 of 2nd period - Shot Blocked by Zbynek Michalek.
1:55 of 2nd period - Slapshot by Brendan Smith.
1:55 of 2nd period - Deflect By Nick Bonino.
1:55 of 2nd period - Stopped by Jeremy Smith with a rebound.
1:57 of 2nd period - Slapshot by Brendan Smith.
1:57 of 2nd period - Deflect By David Desharnais.
1:57 of 2nd period - Stopped by Jeremy Smith with a rebound.
1:59 of 2nd period - Snap shot by Jayson Megna.
1:59 of 2nd period - Goal by Jayson Megna - Sharks : 2 - Oilers : 3.
2:00 of 2nd period - Nicklas Backstrom wins face-off versus Travis Zajac in neutral zone.
2:02 of 2nd period - Minor Penalty to Patrick Marleau for Holding.
2:03 of 2nd period - Lance Bouma wins face-off versus Nick Bonino in Oilers zone.
2:09 of 2nd period - Slapshot by Justin Schultz.
2:09 of 2nd period - Stopped by Jeremy Smith with a rebound.
2:11 of 2nd period - Slapshot by Lance Bouma.
2:11 of 2nd period - Stopped by Jeremy Smith with a rebound.
2:13 of 2nd period - Slapshot by Justin Schultz.
2:13 of 2nd period - Shot Misses the Net.
2:17 of 2nd period - Slapshot by Justin Schultz.
2:17 of 2nd period - Goal by Justin Schultz - Sharks : 3 - Oilers : 3.
2:18 of 2nd period - Travis Zajac wins face-off versus Nicklas Backstrom in neutral zone.
2:23 of 2nd period - Backhand shot by Luca Sbisa.
2:23 of 2nd period - Deflect By Ryan McDonagh.
2:23 of 2nd period - Stopped by Jeremy Smith with a rebound.
2:25 of 2nd period - Snap shot by Luca Sbisa.
2:25 of 2nd period - Shot Misses the Net.
2:27 of 2nd period - Snap shot by Luca Sbisa.
2:27 of 2nd period - Deflect By James Wisniewski.
2:27 of 2nd period - Stopped by Jeremy Smith with a rebound.
2:37 of 2nd period - Wrist shot by Lance Bouma.
2:37 of 2nd period - Deflect By Bobby Farnham.
2:37 of 2nd period - Stopped by Jeremy Smith with a rebound.
2:39 of 2nd period - Slapshot by Klas Dahlbeck.
2:39 of 2nd period - Stopped by Jeremy Smith with a rebound.
2:41 of 2nd period - Slapshot by Travis Zajac.
2:41 of 2nd period - Stopped by Jeremy Smith with a rebound.
3:07 of 2nd period - Snap shot by Tomas Fleischmann.
3:07 of 2nd period - Shot Misses the Net.
3:09 of 2nd period - Slapshot by Tomas Fleischmann.
3:09 of 2nd period - Shot Misses the Net.
3:11 of 2nd period - Slapshot by Justin Schultz.
3:11 of 2nd period - Deflect By Pavel Datsyuk.
3:11 of 2nd period - Stopped by Jeremy Smith with a rebound.
3:13 of 2nd period - Snap shot by Ian Cole.
3:13 of 2nd period - Shot Misses the Net.
3:15 of 2nd period - Slapshot by Justin Schultz.
3:15 of 2nd period - Deflect By James Wisniewski.
3:15 of 2nd period - Stopped by Jeremy Smith with a rebound.
3:17 of 2nd period - Backhand shot by Justin Schultz.
3:17 of 2nd period - Stopped by Jeremy Smith without a rebound.
3:18 of 2nd period - Tomas Fleischmann wins face-off versus Derek Stepan in Oilers zone.
4:11 of 2nd period - Niklas Hjalmarsson is hit by Jayson Megna and loses puck.
4:20 of 2nd period - Backhand shot by Andy Andreoff.
4:20 of 2nd period - Deflect By Ryan Hamilton.
4:20 of 2nd period - Shot Misses the Net.
4:20 of 2nd period - Puck is out of play.
4:21 of 2nd period - David Desharnais wins face-off versus Travis Zajac in Oilers zone.
4:54 of 2nd period - Snap shot by Travis Zajac.
4:54 of 2nd period - Shot Blocked by Milan Michalek.
5:25 of 2nd period - Wrist shot by Nicklas Backstrom.
5:25 of 2nd period - Shot Blocked by Richard Panik.
5:27 of 2nd period - Slapshot by Ryan McDonagh.
5:27 of 2nd period - Shot Blocked by Richard Panik.
5:50 of 2nd period - Backhand shot by Luca Sbisa.
5:50 of 2nd period - Stopped by Jeremy Smith without a rebound.
5:51 of 2nd period - Derek Stepan wins face-off versus Chris Tierney in Oilers zone.
6:14 of 2nd period - Snap shot by Tomas Fleischmann.
6:14 of 2nd period - Shot Blocked by Derek Stepan.
6:40 of 2nd period - Snap shot by Colin Wilson.
6:40 of 2nd period - Stopped by Kari Lehtonen with a rebound.
6:51 of 2nd period - Minor Penalty to Lars Eller for Delaying the game.
6:52 of 2nd period - Travis Zajac wins face-off versus Nick Bonino in Oilers zone.
7:10 of 2nd period - Slapshot by Justin Schultz.
7:10 of 2nd period - Goal by Justin Schultz - Sharks : 4 - Oilers : 3.
7:11 of 2nd period - Chris Tierney wins face-off versus Nicklas Backstrom in neutral zone.
7:18 of 2nd period - Slapshot by Justin Schultz.
7:18 of 2nd period - Stopped by Jeremy Smith with a rebound.
8:19 of 2nd period - Klas Dahlbeck is hit by Nick Foligno and loses puck.
8:28 of 2nd period - Snap shot by Derek Stepan.
8:28 of 2nd period - Stopped by Kari Lehtonen with a rebound.
9:09 of 2nd period - Snap shot by Ryan Hamilton.
9:09 of 2nd period - Stopped by Jeremy Smith with a rebound.
9:35 of 2nd period - Nick Bonino is hit by Jay Harrison and loses puck.
10:30 of 2nd period - Backhand shot by Pavel Datsyuk.
10:30 of 2nd period - Shot Misses the Net.
10:58 of 2nd period - Icing by Andrew Ladd.
10:59 of 2nd period - Nick Foligno wins face-off versus Tomas Fleischmann in Oilers zone.
12:14 of 2nd period - Brendan Smith is hit by James Wisniewski and loses puck.
12:23 of 2nd period - Slapshot by Nicklas Backstrom.
12:23 of 2nd period - Stopped by Kari Lehtonen with a rebound.
12:25 of 2nd period - Slapshot by Ryan McDonagh.
12:25 of 2nd period - Deflect By Nicklas Backstrom.
12:25 of 2nd period - Shot Misses the Net.
12:25 of 2nd period - Puck is out of play.
12:26 of 2nd period - Nicklas Backstrom wins face-off versus Michael Latta in Sharks zone.
12:33 of 2nd period - Wrist shot by Nicklas Backstrom.
12:33 of 2nd period - Stopped by Kari Lehtonen with a rebound.
12:53 of 2nd period - Snap shot by Nick Foligno.
12:53 of 2nd period - Stopped by Kari Lehtonen with a rebound.
13:26 of 2nd period - Slapshot by Justin Schultz.
13:26 of 2nd period - Deflect By Bobby Farnham.
13:26 of 2nd period - Shot Misses the Net.
13:26 of 2nd period - Puck is out of play.
13:27 of 2nd period - David Desharnais wins face-off versus Travis Zajac in Oilers zone.
13:42 of 2nd period - Slapshot by Milan Michalek.
13:42 of 2nd period - Shot Misses the Net.
15:03 of 2nd period - Slapshot by Nicklas Backstrom.
15:03 of 2nd period - Deflect By Pavel Datsyuk.
15:03 of 2nd period - Shot Blocked by Luca Sbisa.
15:03 of 2nd period - Puck is out of play.
15:04 of 2nd period - Michael Latta wins face-off versus Lars Eller in Sharks zone.
15:26 of 2nd period - Off-side.
15:27 of 2nd period - Derek Stepan wins face-off versus Ryan Hamilton in neutral zone.
15:43 of 2nd period - Minor Penalty to Ryan Hamilton for Hooking.
15:44 of 2nd period - David Desharnais wins face-off versus Chris Tierney in Sharks zone.
16:09 of 2nd period - Slapshot by David Desharnais.
16:09 of 2nd period - Goal by David Desharnais - Sharks : 4 - Oilers : 4.
16:10 of 2nd period - Pavel Datsyuk wins face-off versus Andy Andreoff in neutral zone.
16:29 of 2nd period - Slapshot by Justin Schultz.
16:29 of 2nd period - Stopped by Jeremy Smith with a rebound.
16:34 of 2nd period - Minor Penalty to Nicklas Backstrom for Holding.
16:35 of 2nd period - Andrew Ladd wins face-off versus Chris Tierney in Oilers zone.
17:12 of 2nd period - Snap shot by Nicolas Deslauriers.
17:12 of 2nd period - Stopped by Jeremy Smith with a rebound.
18:11 of 2nd period - Lance Bouma is hit by Andrew MacDonald and loses puck.
18:34 of 2nd period - Penalty to Nicklas Backstrom is over, Nicklas Backstrom is back on ice.
Goals for this period are 3 for Sharks vs 1 for Oilers.
Shots for this period are 20 for Sharks vs 6 for Oilers.

3rd period


0:01 of 3rd period - Nicklas Backstrom wins face-off versus Travis Zajac in neutral zone.
1:18 of 3rd period - Wrist shot by Tomas Fleischmann.
1:18 of 3rd period - Stopped by Jeremy Smith with a rebound.
1:28 of 3rd period - Slapshot by Tomas Fleischmann.
1:28 of 3rd period - Stopped by Jeremy Smith with a rebound.
2:09 of 3rd period - Minor Penalty to Brendan Smith for Cross-checking.
2:10 of 3rd period - David Desharnais wins face-off versus Chris Tierney in Sharks zone.
2:12 of 3rd period - Slapshot by Nicklas Backstrom.
2:12 of 3rd period - Stopped by Kari Lehtonen without a rebound.
2:13 of 3rd period - Pavel Datsyuk wins face-off versus Chris Tierney in Sharks zone.
2:21 of 3rd period - Backhand shot by David Desharnais.
2:21 of 3rd period - Shot Misses the Net.
2:27 of 3rd period - Wrist shot by Pavel Datsyuk.
2:27 of 3rd period - Stopped by Kari Lehtonen with a rebound.
2:29 of 3rd period - Wrist shot by David Desharnais.
2:29 of 3rd period - Stopped by Kari Lehtonen with a rebound.
2:35 of 3rd period - Backhand shot by Nicklas Backstrom.
2:35 of 3rd period - Shot Blocked by Chris Tierney.
2:37 of 3rd period - Wrist shot by Pavel Datsyuk.
2:37 of 3rd period - Stopped by Kari Lehtonen with a rebound.
2:39 of 3rd period - Slapshot by Nicklas Backstrom.
2:39 of 3rd period - Shot Misses the Net.
2:41 of 3rd period - Snap shot by Milan Michalek.
2:41 of 3rd period - Shot Misses the Net.
2:43 of 3rd period - Slapshot by Nicklas Backstrom.
2:43 of 3rd period - Goal by Nicklas Backstrom - Sharks : 4 - Oilers : 5.
2:44 of 3rd period - Derek Stepan wins face-off versus Andy Andreoff in neutral zone.
3:38 of 3rd period - Justin Schultz is hit by Pavel Datsyuk and loses puck.
4:24 of 3rd period - Wrist shot by David Desharnais.
4:24 of 3rd period - Shot Hit the Post.
5:16 of 3rd period - Jason Demers is hit by Jayson Megna and loses puck.
5:42 of 3rd period - Icing by Andrew Ladd.
5:43 of 3rd period - Travis Zajac wins face-off versus Lars Eller in Oilers zone.
5:46 of 3rd period - Wrist shot by Lance Bouma.
5:46 of 3rd period - Shot Blocked by Andrew MacDonald.
6:21 of 3rd period - Minor Penalty to Luca Sbisa for Hooking.
6:22 of 3rd period - David Desharnais wins face-off versus Travis Zajac in Sharks zone.
6:23 of 3rd period - Snap shot by Nick Foligno.
6:23 of 3rd period - Stopped by Kari Lehtonen with a rebound.
6:25 of 3rd period - Slapshot by James Wisniewski.
6:25 of 3rd period - Stopped by Kari Lehtonen without a rebound.
6:26 of 3rd period - Chris Tierney wins face-off versus David Desharnais in Sharks zone.
7:32 of 3rd period - Backhand shot by David Desharnais.
7:32 of 3rd period - Stopped by Kari Lehtonen with a rebound.
7:34 of 3rd period - Slapshot by David Desharnais.
7:34 of 3rd period - Shot Misses the Net.
8:21 of 3rd period - Penalty to Luca Sbisa is over, Luca Sbisa is back on ice.
9:05 of 3rd period - Backhand shot by Ian Cole.
9:05 of 3rd period - Stopped by Jeremy Smith without a rebound.
9:06 of 3rd period - Andy Andreoff wins face-off versus Andrew Ladd in Oilers zone.
9:21 of 3rd period - Derek Stepan is hit by Andy Andreoff and loses puck.
10:07 of 3rd period - Travis Zajac is hit by Zbynek Michalek and loses puck.
10:39 of 3rd period - Wrist shot by Tomas Fleischmann.
10:39 of 3rd period - Stopped by Jeremy Smith with a rebound.
10:59 of 3rd period - Pavel Datsyuk is hit by Andy Andreoff and loses puck.
11:04 of 3rd period - Snap shot by Richard Panik.
11:04 of 3rd period - Stopped by Jeremy Smith with a rebound.
11:04 of 3rd period - Jeremy Smith from Oilers is injured at 11:04 of 3rd period (Abdominal Strain).
11:04 of 3rd period - Jaroslav Halak enters game.
11:05 of 3rd period - Bobby Farnham wins face-off versus Nicklas Backstrom in Oilers zone.
11:22 of 3rd period - Slapshot by Justin Schultz.
11:22 of 3rd period - Stopped by Jaroslav Halak with a rebound.
11:24 of 3rd period - Wrist shot by Justin Schultz.
11:24 of 3rd period - Deflect By Nicklas Backstrom.
11:24 of 3rd period - Stopped by Jaroslav Halak with a rebound.
11:26 of 3rd period - Slapshot by Lance Bouma.
11:26 of 3rd period - Stopped by Jaroslav Halak with a rebound.
11:28 of 3rd period - Snap shot by Lance Bouma.
11:28 of 3rd period - Stopped by Jaroslav Halak without a rebound.
11:29 of 3rd period - Derek Stepan wins face-off versus Chris Tierney in Oilers zone.
11:29 of 3rd period - Derek Stepan is hit by Luca Sbisa.
11:42 of 3rd period - Minor Penalty to Luca Sbisa for Hooking.
11:43 of 3rd period - David Desharnais wins face-off versus Chris Tierney in Sharks zone.
13:02 of 3rd period - Lance Bouma is hit by Nicklas Backstrom and loses puck.
13:19 of 3rd period - Snap shot by Pavel Datsyuk.
13:19 of 3rd period - Shot Misses the Net.
13:42 of 3rd period - Penalty to Luca Sbisa is over, Luca Sbisa is back on ice.
13:42 of 3rd period - Klas Dahlbeck is hit by Nick Foligno and loses puck.
14:03 of 3rd period - Slapshot by Justin Schultz.
14:03 of 3rd period - Stopped by Jaroslav Halak without a rebound.
14:04 of 3rd period - Lars Eller wins face-off versus Andy Andreoff in Oilers zone.
14:58 of 3rd period - Ryan Hamilton is hit by Nick Foligno and loses puck.
16:32 of 3rd period - Wrist shot by Chris Tierney.
16:32 of 3rd period - Stopped by Jaroslav Halak without a rebound.
16:33 of 3rd period - Derek Stepan wins face-off versus Chris Tierney in Oilers zone.
16:37 of 3rd period - Off-side.
16:38 of 3rd period - Derek Stepan wins face-off versus Travis Zajac in neutral zone.
17:27 of 3rd period - Snap shot by Tomas Fleischmann.
17:27 of 3rd period - Stopped by Jaroslav Halak with a rebound.
17:52 of 3rd period - Off-side.
17:53 of 3rd period - Nicklas Backstrom wins face-off versus Michael Latta in neutral zone.
18:06 of 3rd period - Slapshot by Justin Schultz.
18:06 of 3rd period - Stopped by Jaroslav Halak without a rebound.
18:07 of 3rd period - Derek Stepan wins face-off versus Michael Latta in Oilers zone.
18:46 of 3rd period - Icing by Andrew Ladd.
18:47 of 3rd period - Nicklas Backstrom wins face-off versus Chris Tierney in Oilers zone.
19:28 of 3rd period - Ryan McDonagh is hit by Nicolas Deslauriers and loses puck.
19:51 of 3rd period - Off-side.
19:52 of 3rd period - Mike Johnston call a timeout for Sharks.
19:52 of 3rd period - Travis Zajac wins face-off versus Nicklas Backstrom in neutral zone.
Goals for this period are 0 for Sharks vs 1 for Oilers.
Shots for this period are 13 for Sharks vs 8 for Oilers.